 Dungeon Crawl Stone Soup version 0.30-a0-585-g93115170b9 (webtiles) character file.

Game seed: 8007132379223413991

613 wormed the Trooper (level 7, -2/76 HPs)
             Began as an Ogre Monk on Jan 2, 2023.
             Was a Believer of Trog.
             Succumbed to a water moccasin's poison
             ... on level 5 of the Dungeon.
             The game lasted 00:06:06 (4693 turns).

wormed the Trooper (Ogre Monk)                      Turns: 4693, Time: 00:06:06

Health: -2/76      AC:  3    Str: 16    XL:     7   Next: 44%
Magic:  4/7        EV: 11    Int: 11    God:    Trog [**....]
Gold:   281        SH:  0    Dex: 13    Spells: 6/6 levels left

rFire   . . .      SeeInvis .    a - +0 flail
rCold   . . .      Faith    .    (no shield)
rNeg    . . .      Spirit   +    b - +0 robe
rPois   .          Reflect  .    (helmet restricted)
rElec   .          Harm     .    (no cloak)
rCorr   .          Rampage  .    (gloves unavailable)
Will    .....                    (boots unavailable)
Stlth   ++                       q - amulet of guardian spirit
HPRegen 0.32/turn                (no ring)
MPRegen 0.10/turn                (no ring)

@: lethally poisoned (-2 -> -25), attractive, studying Dodging, invisible
A: large, unfitting armour, tough skin 1
a: Renounce Religion, Berserk, Trog's Hand


You were on level 5 of the Dungeon.
You worshipped Trog.
Trog was pleased with you.
You visited 1 branch of the dungeon, and saw 5 of its levels.
You also visited: Sewer.

You collected 281 gold pieces.

Inventory:

Hand Weapons
 a - a +0 flail (weapon)
 C - a +0 giant club
Armour
 b - a +0 robe (worn)
Jewellery
 l - a ring of fire
 q - an amulet of guardian spirit (around neck)
Scrolls
 f - a scroll of poison
 o - a scroll of silence
 s - 2 scrolls of identify {unknown}
 u - a scroll of butterflies {unknown}
 y - a scroll of brand weapon {unknown}
 z - a scroll of teleportation {unknown}
 B - a scroll of magic mapping {unknown}
Potions
 c - a potion of heal wounds {unknown}
 e - 3 potions of brilliance {unknown}
 g - 2 potions of attraction
 h - 4 potions of invisibility
 j - a potion of degeneration {unknown}
 k - 3 potions of flight {unknown}
 n - a potion of lignification {unknown}
 r - 3 potions of haste {unknown}
 t - a potion of curing {unknown}
 v - a potion of resistance {unknown}
 w - a potion of mutation {unknown}
 x - a potion of magic {unknown}
 A - 2 potions of might {unknown}


   Skills:
 + Level 6.4 Fighting
 * Level 5.7 Maces & Flails
 + Level 4.6 Dodging
 - Level 1.4 Stealth


You had 6 spell levels left.
You didn't know any spells.
Your spell library contained the following spells:

 Spells                   Type           Power      Damage    Failure   Level
 Dazzling Flash           Conj/Hex       0%         N/A       71%         3
 Agony                    Necr           0%         N/A       100%        5
 Silence                  Hex/Air        0%         N/A       100%        5


Dungeon Overview and Level Annotations

Branches:
Dungeon (5/15)             Temple (0/1) D:4           Sewer (visited)

Altars:
Cheibriados
Fedhas
Qazlal
Ru
Trog
Vehumet


Innate Abilities, Weirdness & Mutations

You are too large for most types of armour.
You have tough skin. (AC +1)


Message History

The water moccasin is heavily wounded.
You feel very sick. The water moccasin bites you. x2
You miss the water moccasin. You punch the water moccasin.
The water moccasin is severely wounded.
You feel very sick. The water moccasin bites you.
You are more poisoned.
The water moccasin poisons you!
You barely miss the water moccasin.
The water moccasin is severely wounded.
You feel very sick. The water moccasin bites you.
You are more poisoned.
The water moccasin poisons you! The water moccasin misses you.
You hit the water moccasin.
The water moccasin is almost dead.
You feel extremely sick. The water moccasin bites you.
You are lethally poisoned!
The water moccasin poisons you! The water moccasin bites you!
You are more poisoned.
The water moccasin poisons you!
You completely miss the water moccasin.
The water moccasin is almost dead.
* * * LOW HITPOINT WARNING * * *
You feel extremely sick.
The water moccasin bites you but does no damage.
You hit the water moccasin.
You kill the water moccasin!
Trog accepts your kill.
* * * LOW HITPOINT WARNING * * *
You feel extremely sick.
It was a potion of invisibility.
You fade into invisibility!
* * * LOW HITPOINT WARNING * * *
You feel extremely sick.
It was a potion of attraction.
You feel attractive to monsters.
You die...

# #####
#.#.#...#######
#.....#@†..(..#
#.....<.#####.#
......#.##
####. #.# ..
$.# ## ####


There were no monsters in sight!

Vanquished Creatures
  A water moccasin (D:5)
  Pargi (Sewer)
  An ogre (D:4)
  A bullfrog (D:4)
  A hound (D:4)
  An orc priest (D:3)
  An orc wizard (D:3)
  8 adders
  An ufetubus (D:4)
  2 worms (D:2)
  2 dart slugs (D:2)
  3 orcs (D:3)
  8 ball pythons
  6 endoplasms
  4 giant cockroaches
  7 goblins
  5 hobgoblins
  11 jackals
  6 kobolds
  4 quokkas
  9 bats
  6 frilled lizards
  5 rats
94 creatures vanquished.

Notes
Turn   | Place    | Note
-------+----------+-------------------------------------------
     0 | D:1      | wormed the Ogre Monk began the quest for the Orb.
     0 | D:1      | Reached XP level 1. HP: 24/24 MP: 1/1
   201 | D:1      | Reached XP level 2. HP: 21/32 MP: 2/2
   764 | D:1      | Reached XP level 3. HP: 38/40 MP: 3/3
  1233 | D:2      | Found a faded altar of an unknown god.
  1349 | D:2      | Reached XP level 4. HP: 23/49 MP: 4/4
  2182 | D:3      | Found a snail-covered altar of Cheibriados.
  2380 | D:3      | Found a radiant altar of Vehumet.
  2381 | D:3      | Found a blossoming altar of Fedhas.
  2381 | D:3      | Found a bloodstained altar of Trog.
  2381 | D:3      | Found a sacrificial altar of Ru.
  2388 | D:3      | Became a worshipper of Trog the Wrathful
  2388 | D:3      | Reached * piety under Trog
  2388 | D:3      | Reached ** piety under Trog
  2455 | D:3      | Reached skill level 5 in Fighting
  2455 | D:3      | Reached XP level 5. HP: 57/57 MP: 5/5
  2623 | D:3      | Found a stormy altar of Qazlal.
  2710 | D:4      | Found a glowing drain.
  2747 | Sewer    | Entered a sewer
  2934 | Sewer    | Noticed Pargi
  2948 | Sewer    | Killed Pargi
  2949 | Sewer    | Reached XP level 6. HP: 61/66 MP: 6/6
  3283 | D:4      | Found a staircase to the Ecumenical Temple.
  3564 | D:4      | Reached skill level 6 in Fighting
  3564 | D:4      | Reached skill level 5 in Maces & Flails
  3716 | D:4      | Reached XP level 7. HP: 75/75 MP: 7/7
  4182 | D:4      | Identified a scroll of acquirement
  4182 | D:4      | Acquired a manual of Dodging
  4214 | D:5      | Entered Level 5 of the Dungeon
  4692 | D:5      | HP: 2/76 [poisoned by a water moccasin]
  4693 | D:5      | Succumbed to a water moccasin's poison

Illustrated notes

Levels and vault maps discovered:
D:1:      lemuel_arrival_rhombus, layout_basic
D:2:      layout_basic, shapermc_ecumenical_altar_venn, serial_curves,
          eino_curves_04, eino_curves_03, minmay_misc_feat_rows, minivault_5,
          chequers_serial_rivers_room_b, grunt_decor_mini_mirrors,
          minmay_hexomino_c4
D:3:      layout_rooms, lemuel_coloured_pillars_altar,
          nicolae_qazlal_eye_of_the_storm,
          chequers_temple_overflow_statue_of_worship
D:4:      kennysheep_big_flooded_room, layout_loops_ring,
          minmay_temple_entry_waves, portal_sewer_entry_f
D:5:      layout_loops_corners, makhleb_heckhound_becter,
          gammafunk_ghost_necromancy, minmay_fractal_squares_gapless_5,
          uniq_pikel, uniq_blork_the_orc

Skill      XL: |  1  2  3  4  5  6 |
---------------+-------------------+-----
Maces & Flails | 3 4 5 |  5.7
Dodging        | 3 4 |  4.6
Fighting       | 5 6 |  6.4
Stealth        | |  1.4

Action                   |  1- 3 |  4- 6 |  7- 9 || total
-------------------------+-------+-------+-------++-------
Melee: Mace              |   106 |   167 |       ||   273
       Punch             |     1 |     2 |     1 ||     4
       Giant club        |       |     5 |    27 ||    32
       Flail             |       |       |     9 ||     9
Invok: Berserk           |       |     4 |       ||     4
  Use: Potion            |     1 |       |     2 ||     3
       Scroll            |       |       |     7 ||     7
 Stab: Sleeping          |     4 |     2 |       ||     6
Armor: Robe              |    57 |    67 |     5 ||   129
Dodge: Dodged            |    89 |   138 |    26 ||   253

Table legend: (Time is in decaauts)
 A = Elapsed time spent in this place.
 B = Non-inter-level travel time spent in this place.
 C = Inter-level travel time spent in this place.
 D = Time resting spent in this place.
 E = Time spent auto-exploring this place.
 F = Levels seen in this place.
 G = Mean time per level.
                   A        B        C        D        E       F      G
               +--------+--------+--------+--------+--------+-----+--------+
         Total |   4804 |   4592 |    212 |    496 |   3303 |   6 |  800.7 |
       Dungeon |   4439 |   4227 |    212 |    448 |   3076 |   5 |  887.8 |
         Sewer |    364 |    364 |      0 |     48 |    227 |   1 |  364.0 |
               +--------+--------+--------+--------+--------+-----+--------+

Top non-repeatable levels by time:
     D:4: 1644 daAuts
     D:1: 1130 daAuts
     D:2: 1046 daAuts
     D:3: 582 daAuts
   Sewer: 364 daAuts
     D:5: 35 daAuts
